 Dungeon Crawl Stone Soup version 0.32-a0-314-g526f7d4993 (webtiles) character file.

Game seed: 698571476404228341

76 Ceno the Insei (level 4, -4/29 HPs)
             Began as an Octopode Shapeshifter on Feb 15, 2024.
             Slain by Grinder (6 damage)
             ... on level 3 of the Dungeon.
             The game lasted 00:04:39 (1530 turns).

Ceno the Insei (Octopode Shapeshifter)              Turns: 1530, Time: 00:04:40

Health: -4/29      AC:  1    Str: 13    XL:     4   Next: 32%
Magic:  4/4        EV: 13    Int: 12    God:
Gold:   129        SH:  0    Dex: 13    Spells: 3/3 levels left

rFire   . .          .
                       - Unarmed
rCold   . . .        (no shield)
rNeg    . . .        (helmet currently unavailable)
rPois   .            (no amulet)
rElec   .            (no ring)
rCorr   .            (no ring)
SInv    .            (no ring)
Will    .....        (no ring)
Stlth   ++           (no ring)
HPRegen 0.24/turn    (no ring)
MPRegen 0.09/turn    (no ring)
                     (no ring)

%: no passive effects
@: beast-form
A: beast (slay +1), almost no armour, amphibious, 8 rings, camouflage 1,
gelatinous body 1, (nimble swimmer 1), tentacles
a: Begin Untransformation


You were on level 3 of the Dungeon.
You were a hulking beast.
You visited 1 branch of the dungeon, and saw 3 of its levels.

You collected 129 gold pieces.

Inventory:

Missiles
 g - 10 poisoned darts
 h - 17 stones (quivered)
Talismans
 b - a beast talisman (active)
 c - a flux talisman
Scrolls
 e - a scroll of identify {unknown}
 f - a scroll of teleportation {unknown}
 j - a scroll of amnesia {unknown}
 k - 2 scrolls of butterflies
 l - a scroll of silence {unknown}
 n - a scroll of blinking
Potions
 a - a potion of lignification
 d - 2 potions of curing {unknown}
 i - a potion of attraction {unknown}
 m - a potion of magic {unknown}
 o - 2 potions of might {unknown}


   Skills:
 + Level 2.0 Fighting
 + Level 2.8 Dodging
 + Level 3.6 Unarmed Combat
 + Level 3.4 Shapeshifting


You had 3 spell levels left.
You didn't know any spells.
Your spell library was empty.

Dungeon Overview and Level Annotations

Branches:
Dungeon (3/15)

Altars:

Shops:
D:1 (

Annotations:
D:3 Grinder


Innate Abilities, Weirdness & Mutations

You are a hulking beast.
Your limbs bulge with bestial killing power. (Slay +1)
You cannot wear most types of armour.
You are amphibious.
You can wear up to eight rings at the same time.
Your skin changes colour to match your surroundings (Stealth+).
Your rubbery body absorbs attacks. (AC +1, EV +1)
((You are camouflaged when in or above water. (Stealth+)))
You have tentacles for arms and can constrict up to eight enemies at once.


Message History

Done exploring.
There is a stone staircase leading down here.
You climb downwards.
There is a stone staircase leading up here.
Blink to where?
Press: ? - help, Dir - move target
As you read the scroll labelled GICOW BEOLOEN, it crumbles to dust.
It was a scroll of blinking.
Okay, then.
Found a yellow potion.
Grinder comes into view.
Found three items.
Grinder shouts!
Grinder gestures at you. Pain shoots through your body!
You see here a yellow potion.
You see here a yellow potion.
You tentacle-slap Grinder. You grab Grinder. You squeeze Grinder.
Grinder is lightly wounded.
You constrict Grinder, but do no damage.
Grinder says, "You look like you could use a good racking."
Grinder hits you.
You tentacle-slap Grinder.
Grinder is moderately wounded.
You constrict Grinder, but do no damage.
You tentacle-slap Grinder. You squeeze Grinder, but do no damage.
Grinder is moderately wounded.
You constrict Grinder. Grinder hits you.
You writhe in agony.
* * * LOW HITPOINT WARNING * * *
You tentacle-slap Grinder. You squeeze Grinder.
Grinder is heavily wounded.
You constrict Grinder, but do no damage.
Grinder closely misses you.
You barely miss Grinder.
Grinder is heavily wounded.
You constrict Grinder. Grinder hits you.
* * * LOW HITPOINT WARNING * * *
You writhe in agony.
You die...
Grinder says, "Hey, I wasn't done torturing you yet!"

#.# #.#### ####
####....# .(.#
#.......# .=.#
#.####..# ..?#
#.# #...# ...#
#.# #..... ...#
#.# #..####5..#
#.####....h...+
#.....#########
#.......##.#
###..##.##.#
##. ...... #
.#.##.##
#.#.##.# #
#.##.# .....#


You could see Grinder.

Vanquished Creatures
  2 ribbon worms (D:2)
  A dart slug (D:1)
  2 ball pythons
  A bat (D:1)
  3 endoplasms
  A giant cockroach (D:2)
  4 goblins
  4 hobgoblins
  2 jackals (D:1)
  6 kobolds
  3 quokkas
  3 frilled lizards
  6 rats
38 creatures vanquished.

Notes
Turn   | Place    | Note
-------+----------+-------------------------------------------
     0 | D:1      | Ceno the Octopode Shapeshifter began the quest for the Orb.
     0 | D:1      | Reached XP level 1. HP: 13/13 MP: 1/1
    96 | D:1      | Found Uniwiz's Weapon Shop.
   156 | D:1      | Reached XP level 2. HP: 18/18 MP: 2/2
   399 | D:1      | Reached XP level 3. HP: 23/23 MP: 3/3
  1042 | D:2      | Found a faded altar of an unknown god.
  1069 | D:2      | Reached XP level 4. HP: 28/29 MP: 4/4
  1156 | D:2      | Identified the +10 quarterstaff of Ignis's Delight {pain,
                  | rN++ Str+3}
  1522 | D:3      | Noticed Grinder
  1530 | D:3      | Slain by Grinder

Illustrated notes

Levels and vault maps discovered:
D:1:      denvon_arrival_waterhouse, layout_basic, serial_shops, shop,
          minmay_strange_pillars
D:2:      layout_rooms, ebering_ecumenical_altar_box
D:3:      layout_basic, nicolae_overflow_ecumenical_swirl, bh_walls_and_bars,
          uniq_grinder, uniq_jessica, uniq_sigmund

Skill      XL: |  1  2  3  4 |
---------------+-------------+-----
Fighting       | 2 |  2.0
Dodging        | |  2.8
Unarmed Combat | |  3.6
Shapeshifting  | |  3.4

Action                     |  1- 3 |  4- 6 || total
---------------------------+-------+-------++-------
  Melee: Unarmed           |    45 |    19 ||    64
         Constrict         |    11 |     4 ||    15
         Tentacles         |    10 |     7 ||    17
         Punch             |     1 |       ||     1
  Throw: Stone             |     1 |     1 ||     2
    Use: Scroll            |     1 |     1 ||     2
   Stab: Sleeping          |     5 |     2 ||     7
 Armour: Skin              |    10 |     5 ||    15
  Dodge: Dodged            |    20 |     8 ||    28

Table legend: (Time is in decaauts)
 A = Elapsed time spent in this place.
 B = Non-inter-level travel time spent in this place.
 C = Inter-level travel time spent in this place.
 D = Time resting spent in this place.
 E = Time spent auto-exploring this place.
 F = Levels seen in this place.
 G = Mean time per level.
                   A        B        C        D        E       F      G
               +--------+--------+--------+--------+--------+-----+--------+
         Total |   1526 |   1423 |    103 |     17 |    889 |   3 |  508.7 |
       Dungeon |   1526 |   1423 |    103 |     17 |    889 |   3 |  508.7 |
               +--------+--------+--------+--------+--------+-----+--------+

Top non-repeatable levels by time:
     D:1: 1030 daAuts
     D:2: 469 daAuts
     D:3: 26 daAuts
